[ PARTIDA AOE2 · #493682622 ]
UnrankedDrávidas vs Portuguese
Equipo del jugador · DERR
[ ANÁLISIS DE REPETICIÓN · EXTRAÍDO DE LA PARTIDA GRABADA ]
Feudal
15:17
Castillos
20:01
Imperial
—
| APM promedio | 24.7 |
| APM pico | 62 |
| eAPM promedio | 12.5 |
| Aldeanos / militares | 53 / 7 |
Foco
⚔️ 19.4% · 🌾 80.6%
Fishing Ship ×10 · Mangonel ×6 · Scout Cavalry ×1
Feudal
11:04
Castillos
15:38
Imperial
—
| APM promedio | 30.6 |
| APM pico | 69 |
| eAPM promedio | 13.0 |
| Aldeanos / militares | 40 / 23 |
Foco
⚔️ 34.1% · 🌾 65.9%
Organ Gun ×14 · Monk ×8 · Militia ×1
Mapa de la partida
Recursos iniciales + cada clic de construcción. Líneas = muros · curvas = relieve. ◆ oro · ⬟ piedra · ● bayas · ✦ reliquia · ◌ hueco del cierre
Tu base· Abierta — hueco de 8t
Base de Alvice Gritti· Abierta — hueco de 4t
Terreno inicial suavizado · ◌ = hueco del cierre detectado · pasá el cursor para detalles
Inputs por minuto
— brendansexson - - Alvice Gritti
Build order — brendansexson
114 acciones detectadas en el replay
| 0:48 | Construir | Town Center |
| 1:43 | Construir | House |
| 1:52 | Construir | House |
| 2:01 | Crear | Villager (Male) |
| 2:01 | Crear | Villager (Male) |
| 2:01 | Crear | Villager (Male) |
| 2:02 | Crear | Villager (Male) |
| 2:02 | Crear | Villager (Male) |
| 2:06 | Investigar | Loom |
| 2:07 | Crear | Villager (Male) |
| 2:08 | Crear | Villager (Male) |
| 2:08 | Crear | Villager (Male) |
| 2:08 | Crear | Villager (Male) |
| 2:08 | Crear | Villager (Male) |
| 3:28 | Construir | Mill |
| 4:31 | Crear | Villager (Male) |
| 4:59 | Crear | Villager (Male) |
| 4:59 | Crear | Villager (Male) |
| 5:25 | Crear | Villager (Male) |
| 5:26 | Crear | Villager (Male) |
| 5:35 | Construir | House |
| 5:39 | Construir | House |
| 6:26 | Crear | Villager (Male) |
| 6:27 | Crear | Villager (Male) |
| 6:27 | Crear | Villager (Male) |
| 6:27 | Crear | Villager (Male) |
| 6:28 | Crear | Villager (Male) |
| 6:28 | Crear | Villager (Male) |
| 6:52 | Construir | Farm |
| 6:55 | Construir | Farm |
| 6:57 | Crear | Villager (Male) |
| 6:57 | Crear | Villager (Male) |
| 6:58 | Crear | Villager (Male) |
| 6:58 | Crear | Villager (Male) |
| 8:17 | Construir | Mill |
| 8:29 | Crear | Villager (Male) |
| 8:30 | Crear | Villager (Male) |
| 8:30 | Crear | Villager (Male) |
| 8:30 | Crear | Villager (Male) |
| 8:31 | Crear | Villager (Male) |
| 8:31 | Crear | Villager (Male) |
| 8:31 | Crear | Villager (Male) |
| 9:32 | Crear | Villager (Male) |
| 9:38 | Construir | Mill |
| 9:49 | Construir | Dock |
| 10:08 | Construir | Farm |
| 10:34 | Construir | House |
| 10:40 | Construir | House |
| 10:43 | Construir | House |
| 11:23 | Crear | Fishing Ship |
| 11:36 | Construir | Dock |
| 11:47 | Construir | Barracks |
| 12:03 | Investigar | Feudal Age |
| 12:08 | Crear | Fishing Ship |
| 13:01 | Crear | Fishing Ship |
| 13:01 | Crear | Fishing Ship |
| 13:02 | Crear | Fishing Ship |
| 13:02 | Crear | Fishing Ship |
| 13:02 | Crear | Fishing Ship |
| 13:13 | Construir | Mining Camp |
| 14:01 | Crear | Fishing Ship |
| 14:01 | Crear | Fishing Ship |
| 14:02 | Crear | Fishing Ship |
| 14:11 | Construir | House |
| 14:13 | Construir | House |
| 15:17 | Edad | Edad Feudal |
| 15:20 | Construir | Market |
| 15:25 | Construir | Blacksmith |
| 15:31 | Crear | Villager (Male) |
| 15:31 | Crear | Villager (Male) |
| 15:34 | Construir | Lumber Camp |
| 15:59 | Construir | Farm |
| 16:33 | Construir | Lumber Camp |
| 17:21 | Investigar | Castle Age |
| 17:40 | Construir | Lumber Camp |
| 17:58 | Investigar | Double-Bit Axe |
| 18:29 | Investigar | Horse Collar |
| 18:55 | Construir | Archery Range |
| 20:00 | Crear | Villager (Male) |
| 20:01 | Edad | Edad de los Castillos |
| 20:07 | Construir | Siege Workshop |
| 20:22 | Construir | Town Center |
| 20:35 | Crear | Mangonel |
| 20:48 | Investigar | Town Watch |
| 21:41 | Construir | Siege Workshop |
| 22:03 | Crear | Villager (Male) |
| 22:03 | Crear | Villager (Male) |
| 22:05 | Crear | Villager (Male) |
| 22:05 | Crear | Villager (Male) |
| 22:05 | Crear | Villager (Male) |
| 22:06 | Crear | Villager (Male) |
| 22:06 | Crear | Villager (Male) |
| 22:06 | Crear | Villager (Male) |
| 22:07 | Crear | Villager (Male) |
| 22:19 | Crear | Mangonel |
| 22:42 | Construir | Lumber Camp |
| 23:06 | Crear | Mangonel |
| 23:28 | Crear | Mangonel |
| 23:29 | Crear | Villager (Male) |
| 23:29 | Crear | Villager (Male) |
| 23:29 | Crear | Villager (Male) |
| 23:49 | Construir | Stable |
| 24:03 | Construir | Farm |
| 24:12 | Construir | Fish Trap |
| 24:45 | Crear | Mangonel |
| 24:59 | Crear | Scout Cavalry |
| 25:05 | Construir | Monastery |
| 26:01 | Crear | Mangonel |
| 26:03 | Crear | Villager (Male) |
| 26:03 | Crear | Villager (Male) |
| 26:03 | Crear | Villager (Male) |
| 26:12 | Crear | Villager (Male) |
| 26:12 | Crear | Villager (Male) |
| 27:30 | Construir | Mining Camp |
Build order — Alvice Gritti
113 acciones detectadas en el replay
| 0:32 | Construir | Barracks |
| 0:38 | Construir | Town Center |
| 0:55 | Construir | House |
| 1:25 | Crear | Militia |
| 2:07 | Crear | Villager (Male) |
| 2:25 | Crear | Villager (Male) |
| 2:38 | Construir | House |
| 2:54 | Crear | Villager (Male) |
| 3:17 | Crear | Villager (Male) |
| 3:42 | Crear | Villager (Male) |
| 3:45 | Construir | House |
| 4:01 | Crear | Villager (Male) |
| 4:21 | Crear | Villager (Male) |
| 4:30 | Crear | Villager (Male) |
| 4:55 | Crear | Villager (Male) |
| 5:09 | Crear | Villager (Male) |
| 5:37 | Crear | Villager (Male) |
| 5:50 | Construir | Mill |
| 5:58 | Crear | Villager (Male) |
| 6:39 | Crear | Villager (Male) |
| 7:03 | Crear | Villager (Male) |
| 7:13 | Construir | House |
| 7:19 | Investigar | Loom |
| 7:19 | Crear | Villager (Male) |
| 7:52 | Construir | Mining Camp |
| 8:00 | Crear | Villager (Male) |
| 8:21 | Crear | Villager (Male) |
| 8:52 | Investigar | Feudal Age |
| 10:11 | Construir | House |
| 10:25 | Construir | Outpost |
| 10:28 | Construir | Outpost |
| 11:04 | Edad | Edad Feudal |
| 11:07 | Investigar | Town Watch |
| 11:07 | Crear | Villager (Male) |
| 11:22 | Construir | Market |
| 11:27 | Construir | Market |
| 11:39 | Construir | Market |
| 11:40 | Crear | Villager (Male) |
| 11:59 | Construir | Blacksmith |
| 12:03 | Crear | Villager (Male) |
| 12:58 | Investigar | Castle Age |
| 15:38 | Edad | Edad de los Castillos |
| 15:42 | Construir | Outpost |
| 15:48 | Construir | Castle |
| 15:50 | Crear | Villager (Male) |
| 15:56 | Construir | Lumber Camp |
| 16:01 | Crear | Villager (Male) |
| 16:10 | Construir | Monastery |
| 16:51 | Construir | Palisade Wall |
| 17:07 | Construir | Lumber Camp |
| 17:16 | Construir | Outpost |
| 17:31 | Crear | Villager (Male) |
| 17:48 | Construir | Outpost |
| 18:02 | Construir | Mining Camp |
| 18:07 | Crear | Monk |
| 18:09 | Crear | Villager (Male) |
| 18:13 | Crear | Villager (Male) |
| 18:26 | Construir | Outpost |
| 18:32 | Crear | Villager (Male) |
| 18:46 | Construir | Outpost |
| 18:48 | Crear | Organ Gun |
| 19:01 | Crear | Villager (Male) |
| 19:06 | Crear | Monk |
| 19:20 | Construir | Outpost |
| 19:22 | Crear | Villager (Male) |
| 19:40 | Crear | Villager (Male) |
| 19:45 | Crear | Monk |
| 19:53 | Crear | Organ Gun |
| 20:22 | Construir | Mining Camp |
| 20:24 | Crear | Organ Gun |
| 20:43 | Crear | Villager (Male) |
| 20:45 | Investigar | Fletching |
| 20:51 | Construir | Outpost |
| 21:13 | Crear | Organ Gun |
| 21:20 | Construir | Monastery |
| 21:28 | Construir | Outpost |
| 21:30 | Crear | Villager (Male) |
| 21:43 | Crear | Organ Gun |
| 21:52 | Construir | Outpost |
| 21:58 | Crear | Villager (Male) |
| 22:00 | Crear | Villager (Male) |
| 22:11 | Crear | Organ Gun |
| 22:20 | Crear | Monk |
| 22:40 | Construir | House |
| 22:44 | Crear | Monk |
| 22:52 | Crear | Villager (Male) |
| 23:06 | Construir | Outpost |
| 23:08 | Investigar | Redemption |
| 23:09 | Crear | Villager (Male) |
| 23:34 | Investigar | Sanctity |
| 23:39 | Crear | Villager (Male) |
| 23:55 | Crear | Monk |
| 23:59 | Crear | Monk |
| 24:34 | Crear | Organ Gun |
| 24:34 | Crear | Organ Gun |
| 24:51 | Crear | Organ Gun |
| 24:52 | Crear | Villager (Male) |
| 25:04 | Construir | House |
| 25:04 | Construir | House |
| 25:05 | Construir | House |
| 25:40 | Crear | Organ Gun |
| 26:01 | Crear | Organ Gun |
| 26:02 | Crear | Villager (Male) |
| 26:04 | Construir | Mill |
| 26:11 | Construir | Mill |
| 26:14 | Crear | Organ Gun |
| 26:50 | Construir | Outpost |
| 26:53 | Crear | Organ Gun |
| 27:00 | Crear | Villager (Male) |
| 27:24 | Crear | Organ Gun |
| 27:26 | Crear | Villager (Male) |
| 27:30 | Crear | Monk |
| 27:36 | Construir | Outpost |
Cronología de la partida
| 0:32 | Alvice Gritti · first_building Barracks |
| 9:49 | brendansexson · first_building Dock |
| 11:04 | Alvice Gritti · age_up feudal |
| 11:47 | brendansexson · first_building Barracks |
| 15:17 | brendansexson · age_up feudal |
| 15:38 | Alvice Gritti · age_up castle |
| 15:48 | Alvice Gritti · first_building Castle |
| 16:10 | Alvice Gritti · first_building Monastery |
| 16:51 | Alvice Gritti · wall_segment Palisade Wall x2 |
| 18:06 | Alvice Gritti · first_market_sell 100 stone |
| 18:55 | brendansexson · first_building Archery Range |
| 20:01 | brendansexson · age_up castle |
| 20:07 | brendansexson · first_building Siege Workshop |
| 23:49 | brendansexson · first_building Stable |
| 25:05 | brendansexson · first_building Monastery |
| 26:59 | Alvice Gritti · first_market_buy 100 food |
| 27:37 | brendansexson · resign |
[ ANÁLISIS IA · 1 CRÉDITO ]
¿Qué pasó realmente en esta partida?
Wolo.gg analiza cada decisión: build order, eco, micro, errores típicos por bracket. Análisis personalizado por WhatsApp o Discord en 30 segundos.
Guía civ
Drávidas
Perfil
brendansexson